Map: Dusk Towers

Players

Botvinnik - Winner!

  • Race: Terran Terran
  • League: Master

JonnyREcco

  • Race: Zerg Zerg
  • League: Grandmaster

Event: Gauntlet LotV Series 1 Qualifier 2

VOD

Have the link to the VOD?

Description

Time

  • Played on: Dec. 5, 2015, 1:44 p.m.
  • Length: 10:38

All games in this series

Show
View Real Time Build Order
Export as new Build Order

Botvinnik Terran - Winner!

Build Orders: Reaper Expand, MMM Bio 

Get SALT Encoding   

  12  0:01  SCV  
  13  0:13  SCV  
  14  0:17  Supply Depot  
  14  0:25  SCV  
  15  0:39  SCV  
  15  0:40  Barracks  
  16  0:44  Refinery  
  16  0:51  SCV  
  17  1:03  SCV  
  18  1:15  SCV  
  19  1:27  Orbital Command  
  19  1:28  Reaper  
  20  1:41  Command Center  
  20  1:51  Supply Depot  
  20  1:53  SCV  
  21  2:00  Marine  
  22  2:05  SCV  
  23  2:17  Factory  
  23  2:20  SCV  
  23  2:22  Barracks Reactor  
  24  2:32  SCV  
  25  2:43  Command Center  
  26  2:44  SCV  
  26  2:53  Orbital Command  
  26  2:57  SCV  
  27  3:07  Hellion x2  
  27  3:09  SCV, Barracks Tech Lab  
  32  3:20  SCV  
  32  3:22  SCV  
  34  3:28  Hellion, Stimpack, Marine  
  34  3:29  Hellion  
  34  3:33  SCV  
  40  3:37  SCV  
  41  3:43  Refinery  
  41  3:45  SCV  
  42  3:49  SCV  
  42  3:54  Barracks  
  43  3:56  Barracks  
  43  3:57  SCV  
  43  3:58  Orbital Command  
  43  4:00  Factory Reactor  
  43  4:01  Marine  
  45  4:06  SCV  
  45  4:09  SCV  
  47  4:18  SCV  
  47  4:19  Marauder  
  47  4:23  SCV  
  51  4:27  Refinery x2  
  51  4:28  Engineering Bay  
  51  4:29  Engineering Bay  
  51  4:31  SCV  
  51  4:33  SCV  
  52  4:40  SCV, Starport  
  52  4:43  SCV  
  52  4:44  Marauder  
  52  4:45  Factory Reactor  
  56  4:48  SCV  
  58  4:52  SCV  
  58  4:56  Marine x3  
  58  4:59  Terran Infantry Weapons Level 1, Terran Infantry Armor Level 1  
  61  5:00  Supply Depot  
  61  5:04  Supply Depot  
  61  5:09  SCV x3, Marine  
  61  5:11  Marauder  
  67  5:18  Marine x2  
  69  5:24  SCV  
  69  5:25  SCV  
  71  5:29  Marine x2  
  71  5:31  Combat Shields, Medivac x2, Orbital Command  
  77  5:37  Factory Reactor  
  77  5:38  SCV x2  
  79  5:45  Marine x3  
  79  5:49  Supply Depot x2  
  82  5:50  SCV x2  
  82  5:56  SCV  
  85  6:01  Supply Depot  
  85  6:10  SCV x2, Marine x2  
  85  6:11  Armory  
  89  6:13  Barracks  
  89  6:15  Barracks, Marine x3  
  92  6:19  Widow Mine x2  
  92  6:20  SCV  
  92  6:24  Supply Depot  
  97  6:26  SCV x2, Supply Depot  
  97  6:29  Marine x2  
  97  6:32  SCV  
  102  6:44  Marine x3  
  105  6:47  Marine x2  
  105  6:48  SCV x2  
  103  6:56  Widow Mine x2  
  103  6:58  Terran Infantry Weapons Level 2, Terran Infantry Armor Level 2  
  95  7:01  Barracks, Marine  
  95  7:02  Barracks, Marine x2  
  95  7:03  Barracks  
  95  7:05  Barracks Reactor x2, Marine x2  
  95  7:08  SCV x2  
  102  7:17  Refinery  
  102  7:19  Marine x3  
  102  7:20  Medivac  
  102  7:21  Medivac  
  109  7:23  Marine x2  
  109  7:25  SCV x2  
  113  7:37  Marine x3  
  113  7:38  Widow Mine  
  113  7:39  Widow Mine  
  113  7:41  Marine x2  
  113  7:43  Supply Depot x2, Marine  
  113  7:44  Supply Depot, Marine x2  
  125  7:45  Supply Depot  
  125  7:48  Marine  
  125  7:50  Medivac  
  125  7:51  Barracks Reactor x2, Barracks Tech Lab, Medivac  
  130  7:55  Marine x2  
  130  7:58  Concussive Shells, Marine  
  132  8:00  Supply Depot  
  132  8:04  Marauder, Marine x4  
  139  8:06  Marine  
  139  8:11  Marauder  
  139  8:12  Widow Mine  
  144  8:13  Marine x2  
  144  8:14  Widow Mine  
  144  8:16  Marine  
  144  8:19  Supply Depot  
  149  8:22  Marine x4  
  149  8:23  Supply Depot  
  149  8:24  Marine  
  149  8:26  Marauder  
  156  8:31  Marine x2  
  156  8:32  Marauder, Marine x4  
  164  8:34  Marine  
  164  8:39  Marine x4  
  164  8:40  Widow Mine  
  170  8:42  Medivac, Widow Mine  
  170  8:44  Medivac  
  170  8:47  Marauder  
  178  8:53  Supply Depot x2  
  178  8:54  Marauder  
  180  8:56  Marine  
  180  8:58  Marine  
  180  8:59  Marine x3  
  180  9:02  Marine  
  186  9:06  Marine x2  
  186  9:09  Marine, Marauder  
  172  9:12  Marine  
  172  9:14  Medivac  
  172  9:15  Marauder  
  167  9:25  Marine x2  
  167  9:28  Marine x3  
  167  9:29  Marine x3  
  167  9:30  Marauder, Marine x2  
  175  9:33  Medivac  
  175  9:38  Marine x2  
  175  9:44  Medivac  
  173  9:49  Marine x5  
  173  9:52  Marine x2  
  160  10:03  Medivac  
  157  10:08  Marauder, Marine x2  
  157  10:09  Command Center, Marine x10  
  157  10:10  Marine  
Show
View Real Time Build Order
Export as new Build Order

JonnyREcco Zerg 

Build Orders: Hatch First 

Get SALT Encoding   

  12  0:01  Drone  
  13  0:13  Overlord  
  13  0:18  Drone  
  14  0:32  Drone x2  
  16  0:35  Drone  
  17  0:52  Hatchery  
  17  0:54  Drone  
  17  0:59  Drone, Extractor  
  17  1:13  Spawning Pool  
  17  1:16  Drone  
  17  1:22  Drone  
  18  1:32  Drone  
  19  1:42  Overlord  
  19  2:01  Metabolic Boost, Queen  
  19  2:04  Zergling x4  
  19  2:05  Queen  
  25  2:09  Drone  
  25  2:12  Drone  
  27  2:17  Drone  
  28  2:23  Drone  
  29  2:30  Drone  
  30  2:37  Queen  
  30  2:41  Drone, Overlord  
  33  2:49  Drone x2  
  35  3:03  Zergling x2  
  35  3:04  Drone  
  37  3:09  Overlord, Drone  
  37  3:10  Drone x3  
  41  3:21  Drone  
  41  3:24  Overlord  
  42  3:28  Queen  
  42  3:30  Queen  
  42  3:32  Hatchery  
  45  3:37  Overlord  
  45  3:38  Drone x3  
  48  3:47  Drone  
  48  3:48  Drone  
  50  3:50  Drone  
  50  3:51  Overlord  
  50  3:53  Drone x2  
  50  3:54  Drone  
  54  4:01  Drone  
  54  4:06  Extractor  
  53  4:14  Zergling x4  
  55  4:20  Overlord  
  55  4:21  Drone  
  56  4:28  Overlord  
  56  4:29  Drone x4  
  56  4:30  Drone  
  61  4:36  Evolution Chamber  
  60  4:39  Evolution Chamber  
  59  4:49  Overlord, Drone  
  59  4:50  Drone x3  
  63  4:57  Drone x3  
  63  4:58  Zergling x2  
  68  5:00  Drone x2  
  68  5:03  Zerg Melee Weapons Level 1  
  68  5:04  Zerg Ground Armor Level 1  
  69  5:07  Drone x3  
  69  5:08  Drone  
  69  5:11  Drone  
  74  5:19  Drone x2, Overlord  
  74  5:21  Drone x2  
  78  5:24  Lair  
  78  5:26  Extractor  
  78  5:27  Baneling Nest  
  78  5:28  Drone, Extractor  
  75  5:29  Drone x3, Extractor  
  75  5:30  Extractor  
  75  5:33  Overlord  
  75  5:34  Drone  
  78  5:36  Drone x2  
  78  5:37  Drone  
  78  5:39  Drone  
  82  5:46  Hatchery  
  82  5:48  Drone x2  
  82  5:51  Drone x3  
  82  5:56  Overlord x2  
  85  6:01  Zergling x8  
  89  6:07  Overlord  
  89  6:13  Overlord x2  
  89  6:14  Zergling x2  
  89  6:15  Zergling x2  
  89  6:17  Hatchery  
  90  6:23  Spire, Zergling x2  
  90  6:24  Centrifical Hooks, Zergling x8  
  90  6:25  Baneling x3  
  94  6:26  Baneling x2  
  94  6:27  Pneumatized Carapace  
  94  6:29  Overlord  
  94  6:38  Zergling x2  
  94  6:39  Zergling x8  
  86  6:57  Zergling x2  
  86  6:58  Zergling x16  
  91  7:13  Zergling x10  
  91  7:14  Zerg Ground Armor Level 2, Zerg Melee Weapons Level 2, Zergling x4  
  98  7:20  Spine Crawler  
  97  7:24  Baneling x2  
  97  7:25  Baneling x3  
  97  7:27  Drone x4  
  97  7:28  Baneling x3  
  97  7:29  Zergling x2  
  102  7:34  Drone  
  102  7:35  Baneling  
  102  7:36  Zergling x6, Baneling x3  
  106  7:38  Zerg Flyer Weapons Level 1  
  106  7:41  Drone  
  106  7:42  Zergling x12  
  112  7:48  Corruptor x3  
  112  7:49  Corruptor  
  112  7:51  Zergling x8  
  124  7:58  Zergling x2  
  124  7:59  Zergling x10  
  124  8:01  Drone  
  131  8:09  Drone  
  131  8:10  Drone x6  
  138  8:15  Corruptor  
  138  8:18  Overseer x2  
  140  8:20  Zergling x10  
  140  8:24  Zergling x8  
  140  8:25  Zergling x2  
  150  8:30  Zergling x2  
  150  8:31  Zergling x8  
  150  8:32  Baneling  
  155  8:38  Zergling x14  
  159  8:45  Drone x2, Infestation Pit  
  159  8:47  Zergling x10  
  165  8:55  Overlord x2  
  165  8:57  Zergling x4  
  165  8:58  Zergling x8  
  137  9:14  Baneling x4  
  137  9:15  Zergling x24, Baneling x6  
  143  9:22  Zergling x6  
  143  9:23  Baneling x2  
  140  9:26  Hive  
  140  9:27  Zergling x10  
  143  9:34  Zergling x4  
  143  9:35  Zergling x8  
  142  9:42  Zergling x6  
  137  9:46  Zergling x6  
  137  9:50  Zergling x2  
  137  9:51  Baneling  
  137  9:52  Baneling x6  
  131  9:58  Zergling x20  
  134  10:00  Baneling x3  
  134  10:01  Zergling x8, Baneling  
  130  10:07  Zergling x4  
  130  10:08  Baneling  
  130  10:09  Baneling x5  
  128  10:14  Zergling x2  
  128  10:15  Zergling x6  
  128  10:18  Zergling x2  
Tags
 
Add a new tag
Caveats
  • Supply blocks, unpowered buildings, or Contaminate may cause inaccurate times.
  • Supply counts are checked every 10 seconds.